Cogmind - Beta 9.6 *** ADVENTURER MODE // 2020.06.06 @ 07:21:13 Player: homogoblin Result: Destroyed by Y-45 Defender via exploding Fusion Modulator Performance ------------- Evolutions (1) 500 Regions Visited (3) 600 Robots Destroyed (51) 255 Value Destroyed (617) 617 Prototype IDs (1) 20 Alien Tech Used (0) 0 Bonus (0) 0 TOTAL SCORE: 1992 Bonus ------- None Cogmind --------- Core Integrity 0/400 Matter 260/300 Energy 280/280 System Corruption 0% Temperature Cool (12) Movement Core (150) Ox2 Location -9/Materials Parts ------- > --- POWER (2) -------- Heavy Ion Engine > --- PROPULSION (2) --- (None) > --- UTILITY (2) ------ Structural Scanner Visual Processing Unit > --- WEAPON (3) ------- (None) > --- INVENTORY (4) ---- Sensor Array Peak State ------------ > --- POWER ------------ Heavy Ion Engine > --- PROPULSION ------- Aluminum Leg Aluminum Leg > --- UTILITY ---------- Structural Scanner Visual Processing Unit > --- WEAPON ----------- Particle Gun Shotgun > --- INVENTORY -------- Sensor Array [Rating: 12] Favorites ----------- Power Ion Engine Engine Ion Engine Power Core Light Nuclear Core Propulsion Light Treads Treads Light Treads Leg Aluminum Leg Utility Seismic Analyzer Device Improved Terrain Scanner Storage Small Matter Pod Processor Seismic Analyzer Weapon Assault Rifle Energy Gun Particle Gun Ballistic Gun Assault Rifle Build | -11 -10 -10 -9 ------- Run | Scr Mat Min Mat Slots Evolved 2 | . . . 2 Power 1 | . . . 1 Propulsion . | . . . . Utility . | . . . . Weapon 1 | . . . 1 Parts Attached 17 | 9 . 1 7 Power 3 | 1 . 1 1 Engine 2 | 1 . . 1 Core 1 | . . 1 . Reactor . | . . . . Propulsion 4 | 2 . . 2 Treads 2 | 2 . . . Leg 2 | . . . 2 Wheel . | . . . . Hover . | . . . . Flight . | . . . . Utility 5 | 3 . . 2 Device 2 | 1 . . 1 Storage 1 | 1 . . . Processor 2 | 1 . . 1 Hackware . | . . . . Protection . | . . . . Artifact . | . . . . Weapon 5 | 3 . . 2 Energy Gun 2 | 1 . . 1 Energy Cannon . | . . . . Ballistic Gun 3 | 2 . . 1 Ballistic Cannon . | . . . . Launcher . | . . . . Special Weapon . | . . . . Impact Weapon . | . . . . Slashing Weapon . | . . . . Piercing Weapon . | . . . . Special Melee Weapon . | . . . . Unidentified Prototypes . | . . . . Parts Lost 11 | . . 3 8 Power 2 | . . 1 1 Propulsion 4 | . . 1 3 Utility 1 | . . . 1 Weapon 4 | . . 1 3 Highest Loss Streak 4 | . . 3 4 Average Slot Usage (%) 85 | . 100 96 52 Engine 11 | . 14 12 7 Core 1 | . . 1 1 Treads 20 | . 28 26 1 Leg 2 | . . . 9 Device 12 | . 14 14 6 Processor 13 | . 14 14 11 Energy Gun 1 | . . . 4 Ballistic Gun 22 | . 28 26 9 Naked Turns . | . . . . Heaviest Build 15 | 11 10 10 15 Greatest Support 40 | 40 40 40 20 Greatest Overweight (x) 3 | . . . 3 Average Overweight (x) . | . . . . Largest Inventory Capacity 4 | 4 4 4 4 Average Capacity 4 | 4 4 4 4 Most Carried 4 | 2 2 4 4 Average Carried 1 | . 1 2 2 Final Capacity 4 | 4 4 4 4 Final Carried 3 | 1 2 3 1 Class Distribution -------------------- 91% | Mutant 8% | Scavenger-Mutant Dominant Class ---------------- Mutant | -10/Materials Mutant | -10/Mines Mutant | -9/Materials Resources | -11 -10 -10 -9 ----------- Run | Scr Mat Min Mat Matter Collected 992 | 164 52 608 168 Remotely . | . . . . Salvage Created 1496 | 148 165 845 338 Parts 109 | 12 9 63 25 Haulers Intercepted . | . . . . Recyclers Shooed 2 | . 1 1 . Parts Field Recycled . | . . . . Retrieved Matter . | . . . . Parts Self-Destructed . | . . . . Prevented . | . . . . Kills | -11 -10 -10 -9 ------- Run | Scr Mat Min Mat Combat Hostiles Destroyed 21 | . 3 9 9 Guns 21 | . 3 9 9 Classes Destroyed 8 | 3 1 2 2 Worker 13 | 1 1 11 . Builder 3 | . . 3 . Tunneler 7 | 4 . 3 . Recycler 5 | 1 1 2 1 Operator 1 | . . . 1 Watcher 1 | . . . 1 Swarmer 12 | . 3 3 6 Grunt 9 | . . 6 3 Best Kill Streak 6 | 3 5 6 4 Combat Bots Only 3 | . 3 3 3 Max Kills in Single Turn 2 | 1 2 1 2 Gunslinging 1 | . . . 1 Exploded . | . . . . Melee . | . . . . Uniques/NPCs Destroyed . | . . . . Combat | -11 -10 -10 -9 -------- Run | Scr Mat Min Mat Damage Taken 1559 | . 77 526 956 Core 560 | . 13 106 441 Absorbed by Shields . | . . . . Core Remaining (%) 76 | 100 . 52 . Volleys Fired 146 | 19 9 72 46 Largest 2 | 2 2 2 2 Hottest 88 | 40 40 40 88 Shots Fired 236 | 28 18 130 60 Gun 236 | 28 18 130 60 Cannon . | . . . . Launcher . | . . . . Special . | . . . . Kinetic 212 | 18 18 130 46 Thermal 24 | 10 . . 14 Explosive . | . . . . Electromagnetic . | . . . . Robot Hit Streak 29 | 14 19 29 11 Robot Miss Streak 3 | 1 1 1 3 Penetration Max . | . . . . Secondary Targets 5 | . . 2 3 Max Gunslinging Chain 1 | . . 1 1 Shots Hit Robots 181 | 21 13 98 49 Core Hits 74 | 7 7 40 20 Critical Hits . | . . . . Critical Kills . | . . . . Critical Parts Destroyed . | . . . . Melee Attacks . | . . . . Impact . | . . . . Slashing . | . . . . Piercing . | . . . . Sneak Attacks . | . . . . Combat Hostiles . | . . . . Follow-up Attacks . | . . . . Damage Inflicted 2220 | 239 158 1188 635 Guns 2220 | 239 158 1188 635 Cannons . | . . . . Explosions . | . . . . Melee . | . . . . Ramming . | . . . . Kinetic 1962 | 151 158 1188 465 Thermal 258 | 88 . . 170 Explosive . | . . . . Electromagnetic . | . . . . Impact . | . . . . Slashing . | . . . . Piercing . | . . . . Highest Corruption . | . . . . Average Corruption . | . . . . Corruption Purged . | . . . . Overload Shots . | . . . . Overflow Damage . | . . . . Projectiles . | . . . . Explosions . | . . . . Melee . | . . . . Knockbacks . | . . . . Impact . | . . . . Kinetic . | . . . . Secondary . | . . . . Self-Inflicted Damage . | . . . . Shots . | . . . . Rammed . | . . . . Targets Rammed . | . . . . Kicked . | . . . . Crushed . | . . . . Highest Temperature 89 | . . 13 89 Average Temperature 18 | . . 4 24 Received Heat Transfer 873 | . . 315 558 Siege Activations . | . . . . Robots Corrupted . | . . . . Combat Hostiles . | . . . . Parts Fried . | . . . . Impact Corruptions . | . . . . Robots Melted . | . . . . Combat Hostiles . | . . . . Parts Melted . | . . . . Heat Transferred 607 | 200 . . 407 Parts Sabotaged . | . . . . Parts Stolen . | . . . . Parts Stripped . | . . . . Power Chain Reactions . | . . . . Missiles Intercepted . | . . . . Alert | -11 -10 -10 -9 ------- Run | Scr Mat Min Mat Peak Influence 265 | 30 96 176 265 Average Influence 85 | 13 60 96 117 Maximum Alert Level 1 | . . . 1 Low Security (%) 95 | 100 100 100 79 Level 1 4 | . . . 20 Level 2 . | . . . . Level 3 . | . . . . Level 4 . | . . . . Level 5 . | . . . . High Security . | . . . . Max Security . | . . . . Squads Dispatched 3 | . . . 3 Investigation . | . . . . Extermination . | . . . . Reinforcement 3 | . . . 3 Assault . | . . . . Garrison . | . . . . Intercept . | . . . . Construction Impeded . | . . . . Haulers Reinforced . | . . . . Stealth | -11 -10 -10 -9 --------- Run | Scr Mat Min Mat Distress Signals 5 | . 1 2 2 Communications Jammed . | . . . . Distress Signals . | . . . . Times Spotted 39 | . 3 10 26 Peak Tracking Total 8 | . 3 3 8 Tactical Retreats 3 | . 1 1 1 Traps | -11 -10 -10 -9 ------- Run | Scr Mat Min Mat Traps Triggered 1 | . . . 1 Indirectly . | . . . . Trap Hack Attempts . | . . . . Triggered . | . . . . Disarmed . | . . . . Reprogrammed . | . . . . Reused . | . . . . Traps Extracted . | . . . . Installed . | . . . . Triggered . | . . . . Machines | -11 -10 -10 -9 ---------- Run | Scr Mat Min Mat Machines Disabled . | . . . . Max in Single Turn . | . . . . Machines Sabotaged . | . . . . Garrisons Compromised . | . . . . Overloaded Fab Kills . | . . . . Fab Network Shutdowns . | . . . . Hacking | -11 -10 -10 -9 --------- Run | Scr Mat Min Mat Machines Accessed 3 | . 1 . 2 Terminals 2 | . 1 . 1 Fabricators . | . . . . Repair Stations . | . . . . Recycling Units . | . . . . Scanalyzers 1 | . . . 1 Garrison Access . | . . . . Total Hacks 5 | . 1 . 4 Successful 4 | . . . 4 Failed 1 | . 1 . . Catastrophic . | . . . . Database Lockouts . | . . . . Manual . | . . . . Terminals 3 | . 1 . 2 Fabricators . | . . . . Repair Stations . | . . . . Recycling Units . | . . . . Scanalyzers 2 | . . . 2 Garrison Access . | . . . . Terminal Hacks 2 | . . . 2 Alert Level 1 | . . . 1 Unreport Threat 1 | . . . 1 Fabricator Hacks . | . . . . Repair Station Hacks . | . . . . Recycling Unit Hacks . | . . . . Scanalyzer 2 | . . . 2 Insert Component 1 | . . . 1 Analyze 1 | . . . 1 Garrison Access Hacks . | . . . . Unauthorized Hacks . | . . . . Terminals . | . . . . Fabricators . | . . . . Repair Stations . | . . . . Recycling Units . | . . . . Scanalyzers . | . . . . Garrison Access . | . . . . Data Cores Recovered . | . . . . Used . | . . . . Hacking Detections 2 | . . . 2 Full Trace Events . | . . . . Feedback Events . | . . . . Feedback Blocked . | . . . . Robot Schematics Acquired . | . . . . Robots Built . | . . . . Matter . | . . . . Time . | . . . . Total Robot Build Rating . | . . . . Part Schematics Acquired 1 | . . . 1 Parts Built . | . . . . Matter . | . . . . Time . | . . . . Total Part Build Rating . | . . . . Parts Repaired . | . . . . Time . | . . . . Parts Recycled . | . . . . Recycled Matter . | . . . . Retrieved Matter . | . . . . Retrieved Components . | . . . . Parts Scanalyzed 1 | . . . 1 Part Schematics Acquired 1 | . . . 1 Parts Damaged . | . . . . Bothacking | -11 -10 -10 -9 ------------ Run | Scr Mat Min Mat Used RIF Installer . | . . . . Robots Hacked . | . . . . Non-combat . | . . . . Combat . | . . . . Robot Hacks Applied . | . . . . Relay Couplers Released . | . . . . Robots Rewired . | . . . . Allies Hacked . | . . . . Hacks Repelled . | . . . . Allies | -11 -10 -10 -9 -------- Run | Scr Mat Min Mat Total Allies . | . . . . Largest Group . | . . . . Highest-Rated Group . | . . . . Highest-Rated Ally . | . . . . Total Orders . | . . . . Ally Attacks . | . . . . Total Damage . | . . . . Kills . | . . . . Allies Corrupted . | . . . . Allies Melted . | . . . . Intel | -11 -10 -10 -9 ------- Run | Scr Mat Min Mat Robot Analysis Total . | . . . . Derelict Logs Recovered 1 | . . 1 . Drone Launches . | . . . . Drone Recoveries . | . . . . Exploration | -11 -10 -10 -9 ------------- Run | Scr Mat Min Mat Turns Passed 1734 | 217 224 911 382 Spaces Moved 872 | 97 123 442 210 Core 97 | 3 . . 94 Treads 683 | 94 123 442 24 Legs 92 | . . . 92 Wheels . | . . . . Hover . | . . . . Flight . | . . . . Fastest Speed 50 | 50 160 160 50 Average Speed 150 | 156 160 160 123 Slowest Speed 200 | 160 160 160 200 Overloaded Moves . | . . . . Propulsion Burnouts . | . . . . Robots Hopped . | . . . . Cave-ins Triggered . | . . . . Exploration Rate (%) 34 | 6 19 89 23 Regions Visited 3 Branch Regions 1 Pre-discovered Areas . | . . . . Known Exits Taken . | . . . . Unknown Exits Taken 3 | 1 1 1 . Scrap Searched 3 | . . 3 . Spaces Dug . | . . . . Terrain Destroyed . | . . . . Melee . | . . . . Projectile . | . . . . AOE . | . . . . Actions | -11 -10 -10 -9 --------- Run | Scr Mat Min Mat Total 1058 | 135 132 516 275 Wait . | . . . . Move 869 | 96 122 441 210 Hop . | . . . . Pick Up 20 | 9 1 2 8 Fast Attach . | . . . . Attach 16 | 8 . 1 7 Detach 2 | 1 . . 1 Swap 1 | 1 . . . Drop 4 | 1 . . 3 Fire 146 | 19 9 72 46 Melee . | . . . . Ram . | . . . . Kick . | . . . . Crush . | . . . . Escape Stasis . | . . . . Rewire . | . . . . Trap . | . . . . Miscellaneous . | . . . . Route ------- -11/Scrapyard -10/Materials -10/Mines -9/Materials History --------- Turn | Location | Event 14 | -11/Scrapyard | Discovered new exit (range 15) 218 | -11/Scrapyard | Entered Materials 314 | -10/Materials | Build established: Mutant 370 | -10/Materials | Discovered new exit (range 16) 442 | -10/Materials | Entered Mines 508 | -10/Mines | Learned Materials stockpile data 1289 | -10/Mines | Lost 3 parts (1p1n1w) 1335 | -10/Mines | Discovered new exit (range 8) 1353 | -10/Mines | Entered Materials 1353 | -9/Materials | Evolved 2 slots: Power x1, Weapon x1 1449 | -9/Materials | Core integrity fell below 50% 1452 | -9/Materials | Lost 3 parts (1p1n1w) 1710 | -9/Materials | Core integrity fell below 20% 1735 | -9/Materials | Destroyed by Y-45 Defender via exploding Fusion Modulator Last Messages --------------- O-16 Technician destroyed. ALERT: Hostiles spotted, dispatching reinforcements to Terminal M004. R-06 Scavenger collects Hover Unit. Aluminum Leg destroyed. R-06 Scavenger collects Lgt. Assault Rifle. Particle Gun destroyed. R-06 Scavenger collects Flight Unit. W-16 Scout distress signal alerts nearby ally. R-06 Scavenger collects Hacking Suite. Aluminum Leg destroyed. Shotgun destroyed. Connecting with Terminal... [Achievement: Everything Is Under Control] >>Alert(Purge) Purged threat record, alert level lowered. >>Alert(Check) Current Alert Level: Low Security Fusion Modulator explodes. Terminal disabled. [Achievement: First Step to Greatness] Map ----- +----------------------------------------------------+ | | | | | | | | | | | | | | | | | | | | | ?????????????????????????????????????????????????? | | ?????????????????????????????????????????????????? | | ?????????????????????????????????????????????????? | | ?????????????????????????????????????????????????? | | ?????????????????????????????????????????????????? | | ?????????????????????????????????????????????????? | | ?????????????????????????????????????????????????? | | ?????????????????????????????????????????????????? | | ?????????????????????????????????????????????????? | | ?????????????????????????????????????????????????? | | ?????????????????????????????????????????????????? | | ?????????????????????????????????????????????????? | | ?????????????????????????????????????????????????? | | ????????????????????###########??????????????????? | | ????????????????????# #??????????????????? | | ????????????????????# @= # #??????????????? | | ?????????????????# ; + ???????????????? | | ???????????????###;;; #??????????????????? | | ???????????????# g g ;??????????????????? | | ???????????????# g;;Y #??????????????????? | | ???????????????# ;; #??????????????????? | | ???????????????# ;; #??????????????????? | | ???????????????# g ;; ;; ;;;;??????????????????? | | ?=?????????????# g ;;;; ###??????????????????? | | ????????########Y ; # # ??????????????????????? | | ????????# ######?#??????????????????????? | | ????????# s #?????????????????????????????? | | ????????# #?????????????????????????????? | | ????????# ########?????????????????????????????? | | ????????# #???##???????????????????????????????? | | ????????# #?? ????????????????????????????????? | | ???????## ##?"?????????????????????????????????? | | ######## # "?????????????????????????????????? | | % %# ??????????????????????????????????? | | T %+?????????????!?????????????????????? | | %*#???????????????????????????????????? | | ####### /=#???????????????????????????????????? | | ???????## ##?[?????????????????????????????????? | | ????????# #????????????????????????????????????? | | ????????# #????????????????????????????????????? | +----------------------------------------------------+ Best States ------------- Heat Dissipation 28 Energy Generation 14 Energy Capacity 280 Matter Stores 300 Matter Capacity 350 Sight Range 18 Terrain Scan Range 16 Terrain Scan Density 60 Resistance: KI 20 Resistance: TH 20 Resistance: EX 20 Resistance: EM 20 Resistance: I 20 Resistance: S 20 Resistance: P 20 Evasion (%) 50 Recoil Reduction 2 Offensive Hacking 10 Item Schematics ----------------- Hvy. Ion Engine | -9/Materials | Scanalyzed Robot Schematics ------------------ None Fabricated ------------ Nothing Alien Tech Used ----------------- None Achievements -------------- Everything Is Under Control First Step to Greatness Safety First Uninvited Guest Challenges ------------ None Game ------ Seed BiometalFluxSpear Manual? 0 Play Time 00:19:59 Cumulative 1.2 hours Start 2020.06.06 @ 07:02:05 End 2020.06.06 @ 07:21:13 Sessions 1 Manual Loads 0 Difficulty Adventurer Special Mode None Game No. 2 Rogue 0 Adventurer 1 Explorer 1 Win Type - Total 0 Types 0/0/0/0/0/0/0 Lore% 0 Gallery% 3 Achievement% 3 Wizard Run 0 Options --------- ASCII 0 Keyboard 0 Movement Mouse Keybinds 0 Fullscreen 1 Font 18/SmallcapsGlow Map View 76x50 Tactical HUD 0 Map Filters NONE Filters NONE Steam 1 RUN: 43483f19-1531-410b-8881-ff2ce7568584